 Dungeon Crawl Stone Soup version 0.32-a0-40-g2adb59ae06 (webtiles) character file.

Game seed: 16623826607770206994

12213 cforsyth the Fighter (level 12, -8/99 HPs)
             Began as a Djinni Enchanter on Jan 25, 2024.
             Was an Elder of Fedhas.
             Mangled by a boulder beetle (21 damage)
             ... on level 11 of the Dungeon.
             The game lasted 00:22:35 (13455 turns).

cforsyth the Fighter (Djinni Enchanter)            Turns: 13455, Time: 00:22:35

Health: -8/99      AC:  5    Str:  7    XL:     12   Next: 17%
Gold:   216        EV: 12    Int: 22    God:    Fedhas [****..] SH:  0 Dex: 20

rFire   + + +        h - +9 bardiche of Enwihuocs {holy, rF+ rC- rCorr}
rCold   x x .        (shield currently unavailable)
rNeg    . . .        C - +1 leather armour "Oqeuten" {Will+}
rPois   ∞            (no helmet)
rElec   .            (no cloak)
rCorr   +            j - +0 pair of gloves
SInv    .            (boots unavailable)
Will    ++...        (no amulet)
Stlth   ++           v - ring of resist corrosion
HPRegen 0.36/turn    w - +6 ring of dexterity
MPRegen 0.00/turn

%: infuse magic (-9 HP)
@: flying, studying Armour
A: sickness immunity, fire resistance 2, cold vulnerability 1, float, innate
caster, HP casting, extra vitality 1
a: Renounce Religion, Wall of Briars, Grow Ballistomycete, Overgrow


You were on level 11 of the Dungeon.
You worshipped Fedhas.
Fedhas was greatly pleased with you.
You visited 1 branch of the dungeon, and saw 11 of its levels.
You also visited: Bailey.

You collected 464 gold pieces.
You spent 248 gold pieces at shops.

Inventory:

Hand Weapons
 a - a +1 dagger
 h - the +9 bardiche of Enwihuocs (weapon) {holy, rF+ rC- rCorr}
   (You found it in a bailey)

   rF+:       It protects you from fire.
   rC-:       It makes you vulnerable to cold.
   rCorr:     It protects you from acid and corrosion.
Armour
 b - a +0 robe
 j - a +0 pair of gloves (worn)
 C - the +1 leather armour "Oqeuten" (worn) {Will+}
   (You bought it in a shop on level 6 of the Dungeon)

   Will+:     It increases your willpower.
Jewellery
 d - a ring of fire
 p - a ring of protection from fire
 v - a ring of resist corrosion (left hand)
 w - a +6 ring of dexterity (right hand)
 H - an amulet of regeneration
 N - a ring of fire
 P - a +6 ring of intelligence
Wands
 o - a wand of mindburst (22)
 B - a wand of acid (26)
 F - a wand of iceblast (5)
 I - a wand of polymorph (8)
 K - a wand of paralysis (6)
Scrolls
 e - 4 scrolls of teleportation
 i - 5 scrolls of identify
 m - a scroll of acquirement {unknown}
 q - 2 scrolls of vulnerability
 r - 4 scrolls of noise {unknown}
 s - 3 scrolls of immolation
 u - 4 scrolls of poison
 y - 2 scrolls of fear
 D - a scroll of brand weapon {unknown}
 G - 2 scrolls of fog
 J - 2 scrolls of torment {unknown}
 L - a scroll of enchant armour {unknown}
 O - a scroll of silence {unknown}
Potions
 c - a potion of invisibility
 f - 3 potions of enlightenment {unknown}
 g - 3 potions of heal wounds
 k - a potion of curing
 l - a potion of attraction {unknown}
 n - 2 potions of haste {unknown}
 t - 2 potions of might {unknown}
 x - 2 potions of mutation {unknown}
 z - 2 potions of brilliance {unknown}
 A - 3 potions of lignification {unknown}
 E - a potion of degeneration {unknown}
 M - a potion of cancellation {unknown}


   Skills:
 + Level 13.8 Fighting
 - Level 1.4 Short Blades
 - Level 2.6 Dodging
 - Level 2.7 Stealth
 + Level 11.0 Spellcasting
 + Level 11.0 Conjurations
 + Level 11.0 Hexes
 + Level 11.0 Summonings
 + Level 11.0 Necromancy
 + Level 11.0 Translocations
 + Level 11.0 Fire Magic
 + Level 11.0 Ice Magic
 + Level 11.0 Air Magic
 + Level 11.0 Earth Magic
 + Level 11.0 Alchemy


You knew the following spells:

 Your Spells              Type           Power      Damage    Failure   Level
a - Ensorcelled Hibernat  Hex/Ice        100%       N/A       1%          2
b - Confusing Touch       Hex            57%        N/A       1%          3
c - Tukima's Dance        Hex            57%        N/A       1%          3
d - Dazzling Flash        Conj/Hex       100%       N/A       1%          3
e - Sting                 Conj/Alch      100%       1d9       1%          1
f - Jinxbite              Hex            100%       N/A       1%          2
g - Summon Ice Beast      Ice/Summ       57%        N/A       1%          3
h - Animate Armour        Summ/Erth      100%       N/A       1%          4
i - Vhi's Electric Charg  Tloc/Air       100%       N/A       1%          4
Your spell library was empty.

Dungeon Overview and Level Annotations

Branches:
Dungeon (11/15)            Temple (0/1) D:6            Lair (0/5) D:9
    Orc (0/2) D:10         Bailey (visited)

Altars:
Ashenzari
Fedhas
Gozag
Hepliaklqana
Uskayaw
Yredelemnul
Zin
Lugonu

Shops:
D:3 *   D:4 *   D:6 *=*[

Portals:
Abyss: D:7

Annotations:
D:4 3 runed translucent doors, soberseth's ghost, amateur MiFi
D:7 3 runed translucent doors, Echelon's ghost, amateur FoFi


Innate Abilities, Weirdness & Mutations

You are immune to sickness and miasma.
You are immune to poison.
Your flesh is very heat resistant. (rF++)
You are vulnerable to cold. (rC-)
You float through the air rather than walking.
You learn spells naturally, not from books.
Your magical power is your life essence.
You have superior vitality. (+4 MHP)


Message History

No target in view!
Your ice beast disappears in a puff of smoke!
A boulder beetle comes into view.
A boulder beetle is nearby!
A boulder beetle is nearby!
A boulder beetle is nearby!
Casting: Summon Ice Beast (safe; 1% risk of failure)
Confirm with . or Enter, or press ? or * to list all spells.
A chill wind blows around you.
Casting: Summon Ice Beast (safe; 1% risk of failure)
Confirm with . or Enter, or press ? or * to list all spells.
You swap places.
Your ice beast barely misses the boulder beetle.
You swap places.
The boulder beetle leaps!
No target in view!
You swap places.
Found a scale mail.
Your ice beast hits the boulder beetle but does no damage.
You reach to attack!
You slash the boulder beetle!
The boulder beetle is lightly wounded.
The boulder beetle leaps!
The boulder beetle curls into a ball and begins rolling!
Your ice beast hits the boulder beetle but does no damage.
The boulder beetle hits you!!!
The boulder beetle stops rolling and uncurls.
The boulder beetle curls into a ball and begins rolling!
You reach to attack!
You hit the boulder beetle.
The boulder beetle is lightly wounded.
Your animated leather armour disappears in a puff of smoke!
Your ice beast hits the boulder beetle but does no damage.
The boulder beetle hits you!!!
* * * LOW HITPOINT WARNING * * *
The boulder beetle stops rolling and uncurls.
Your ice beast hits the boulder beetle but does no damage.
The boulder beetle bites you!
* * * LOW HITPOINT WARNING * * *
Your ice beast hits the boulder beetle but does no damage.
The boulder beetle bites you!!
You die...
Fedhas appreciates your contribution to the ecosystem.

##..........#
#..........# ###.†#######
###..###### ###########
..).......# #...[......
.....>....# #..........
....<.....# #..........
..........#####..........
.............##.@........
..........##...BY........
..........#####..........
#######.### ####.######
#..# .# ...## .. #### #..
#+#


You could see a boulder beetle (ally target) and a friendly ice beast
(summoned).

Vanquished Creatures
  A cyclops (D:11)
  A kobold demonologist (D:10)
  2 yaks (D:9)
  2 wyverns (D:9)
  A wraith (D:9)
  A basilisk (D:9)
  Menkaure (D:7)
  4 water moccasins
  6 orc warriors
  2 black bears
  An ogre (D:5)
  2 centaurs
  2 bullfrogs
  2 scorpions
  A wight (D:7)
  3 killer bees (D:8)
  A howler monkey (D:9)
  An electric eel (D:10)
  A jelly (D:7)
  6 orc priests
  Ijyb (D:3)
  Terence (D:2)
  2 iguanas (D:5)
  4 orc wizards
  9 gnolls
  4 adders
  5 dart slugs
  3 ribbon worms
  22 orcs
  6 endoplasms
  2 giant cockroaches
  7 goblins
  9 hobgoblins
  A quokka (D:2)
  6 ball pythons (D:2)
  4 bats
  3 frilled lizards
  8 kobolds
  4 rats
  2 lurking horrors (D:7)
144 creatures vanquished.

Vanquished Creatures (collateral kills)
  2 two-headed ogres
  An orc knight (Bailey)
  A troll (D:10)
  2 wyverns
  2 yaks (D:9)
  2 acid dragons
  2 water moccasins
  2 ice beasts
  5 orc warriors
  An ogre (D:4)
  4 black bears
  A centaur (D:8)
  A phantom (D:5)
  2 gnoll sergeants (D:10)
  2 wights (D:7)
  6 killer bees
  A bombardier beetle (D:5)
  3 jellies
  2 orc priests
  A gnoll bouda (D:6)
  2 hounds
  4 iguanas
  4 orc wizards
  16 gnolls
  2 adders
  2 white imps (D:6)
  A ribbon worm (D:4)
  A dart slug (D:4)
  36 orcs
  A ball python (D:4)
  A giant cockroach (D:3)
  6 goblins
  4 hobgoblins
  4 jackals (D:5)
  2 kobolds
  A quokka (D:4)
130 creatures vanquished.

Vanquished Creatures (others)
  A lurking horror (D:7)
1 creature vanquished.

Grand Total: 275 creatures vanquished

Notes
Turn   | Place    | Note
-------+----------+-------------------------------------------
     0 | D:1      | cforsyth the Djinni Enchanter began the quest for the Orb.
     0 | D:1      | cforsyth set off with the following spells memorised:
                  | Ensorcelled Hibernation, Confusing Touch, Tukima's Dance,
                  | Dazzling Flash.
     0 | D:1      | Reached XP level 1. HP: 15/15 MP: 0/0
   153 | D:1      | Reached skill level 1 in Short Blades
   160 | D:1      | Reached XP level 2. HP: 21/21 MP: 0/0
   287 | D:1      | Reached XP level 3. HP: 9/25 MP: 0/0
   287 | D:1      | Learned a level 1 spell: Sting
   966 | D:2      | Reached skill level 1 in Fighting
   966 | D:2      | Reached XP level 4. HP: 25/32 MP: 0/0
  1044 | D:2      | Found a faded altar of an unknown god.
  1049 | D:2      | Noticed Terence
  1063 | D:2      | Killed Terence
  1267 | D:2      | Reached skill level 2 in Fighting
  1347 | D:2      | Reached XP level 5. HP: 23/38 MP: 0/0
  1347 | D:2      | Learned a level 2 spell: Jinxbite
  2002 | D:3      | Noticed Ijyb
  2012 | D:3      | Killed Ijyb
  2139 | D:3      | You are sucked into a shaft and drop 3 floors!
  2175 | D:6      | Found Vowerin's Antique Armour Shop.
  2178 | D:5      | Entered Level 5 of the Dungeon
  2186 | D:5      | Reached skill level 3 in Fighting
  2186 | D:5      | Reached XP level 6. HP: 39/46 MP: 0/0
  2270 | D:5      | Noticed an ogre
  2363 | D:5      | Killed an ogre
  2364 | D:5      | Reached skill level 4 in Fighting
  2587 | D:5      | Reached XP level 7. HP: 42/52 MP: 0/0
  2587 | D:5      | Learned a level 3 spell: Summon Ice Beast
  3343 | D:4      | Reached skill level 5 in Fighting
  3343 | D:4      | Reached skill level 5 in Spellcasting
  3343 | D:4      | Reached skill level 5 in Conjurations
  3343 | D:4      | Reached skill level 5 in Hexes
  3343 | D:4      | Reached skill level 5 in Summonings
  3343 | D:4      | Reached skill level 5 in Necromancy
  3343 | D:4      | Reached skill level 5 in Translocations
  3343 | D:4      | Reached skill level 5 in Fire Magic
  3343 | D:4      | Reached skill level 5 in Ice Magic
  3343 | D:4      | Reached skill level 5 in Air Magic
  3343 | D:4      | Reached skill level 5 in Earth Magic
  3343 | D:4      | Reached skill level 5 in Alchemy
  3350 | D:4      | Reached XP level 8. HP: 19/59 MP: 0/0
  3773 | D:4      | Found Jaiwadd's Mayhem Merchandise.
  3857 | D:4      | Found a runed translucent gate.
  3858 | D:4      | Found a runed translucent gate.
  3858 | D:4      | Found an opulent altar of Gozag.
  3859 | D:4      | Found a runed translucent gate.
  3861 | D:4      | Noticed soberseth's ghost (amateur MiFi)
  4301 | D:3      | Found a blossoming altar of Fedhas.
  4330 | D:3      | Became a worshipper of Fedhas Madash
  4367 | D:3      | Found Xeuggelu's Assorted Antiques.
  4400 | D:3      | Bought a gluggy blue potion for 20 gold pieces
  4400 | D:3      | Bought a viscous white potion for 20 gold pieces
  4400 | D:3      | Bought a white potion for 20 gold pieces
  4400 | D:3      | Bought a puce potion for 20 gold pieces
  4620 | D:4      | Reached skill level 6 in Fighting
  5109 | D:5      | Reached skill level 7 in Fighting
  5109 | D:5      | Reached XP level 9. HP: 38/68 MP: 0/0
  5109 | D:5      | Learned a level 4 spell: Animate Armour
  5517 | D:6      | Bought a fading leather armour for 168 gold pieces
  5517 | D:6      | Identified the +1 leather armour "Oqeuten" {Will+} (You
                  | bought it in a shop on level 6 of the Dungeon)
  5536 | D:6      | Found Zoholexu's Assorted Antiques.
  5546 | D:6      | Found a staircase to the Ecumenical Temple.
  5613 | D:6      | Found Upruxi's Assorted Antiques.
  5744 | D:6      | Found Maudd's Jewellery Shoppe.
  6104 | D:6      | Reached * piety under Fedhas
  6294 | D:6      | Reached skill level 8 in Fighting
  6516 | D:7      | Found a one-way gate to the infinite horrors of the Abyss.
  6516 | D:7      | Found a corrupted altar of Lugonu.
  6724 | D:7      | Found a flagged portal.
  6730 | Bailey   | Entered a bailey
  7147 | Bailey   | Reached ** piety under Fedhas
  7642 | Bailey   | Reached skill level 9 in Fighting
  7761 | Bailey   | Reached XP level 10. HP: 40/78 MP: 0/0
  8008 | Bailey   | Reached skill level 12 in Fighting
  8008 | Bailey   | Reached XP level 11. HP: 89/89 MP: 0/0
  8008 | Bailey   | Learned a level 4 spell: Vhi's Electric Charge
  8015 | Bailey   | Noticed an orc knight
  8049 | Bailey   | Killed an orc knight
  8078 | Bailey   | Identified the +9 bardiche of Enwihuocs {holy, rF+ rC-
                  | rCorr}
  8940 | D:7      | Found a glowing silver altar of Zin.
  8941 | D:7      | Found a broken altar of Ashenzari.
  8946 | D:7      | Found a hide-covered altar of Uskayaw.
  8947 | D:7      | Found a basalt altar of Yredelemnul.
  8991 | D:7      | Noticed Menkaure
  8994 | D:7      | Killed Menkaure
  8995 | D:7      | Reached skill level 10 in Spellcasting
  8995 | D:7      | Reached skill level 10 in Conjurations
  8995 | D:7      | Reached skill level 10 in Hexes
  8995 | D:7      | Reached skill level 10 in Summonings
  8995 | D:7      | Reached skill level 10 in Necromancy
  8995 | D:7      | Reached skill level 10 in Translocations
  8995 | D:7      | Reached skill level 10 in Fire Magic
  8995 | D:7      | Reached skill level 10 in Ice Magic
  8995 | D:7      | Reached skill level 10 in Air Magic
  8995 | D:7      | Reached skill level 10 in Earth Magic
  8995 | D:7      | Reached skill level 10 in Alchemy
  9089 | D:7      | Found a runed translucent gate.
  9090 | D:7      | Found a runed translucent gate.
  9091 | D:7      | Found a runed translucent gate.
  9092 | D:7      | Noticed Echelon's ghost (amateur FoFi)
  9781 | D:8      | Reached *** piety under Fedhas
 10062 | D:9      | Noticed a two-headed ogre
 10077 | D:9      | Killed a two-headed ogre
 10654 | D:9      | Reached skill level 13 in Fighting
 11048 | D:9      | Found a staircase to the Lair.
 11544 | D:10     | Entered Level 10 of the Dungeon
 11615 | D:10     | Reached **** piety under Fedhas
 12272 | D:10     | Found a hazy altar of Hepliaklqana.
 12471 | D:10     | Reached XP level 12. HP: 98/98 MP: 0/0
 12680 | D:10     | Found a staircase to the Orcish Mines.
 13155 | D:11     | Noticed a two-headed ogre
 13167 | D:11     | Killed a two-headed ogre
 13438 | D:11     | Noticed a boulder beetle
 13455 | D:11     | Mangled by a boulder beetle

Illustrated notes

Levels and vault maps discovered:
D:1:      lemuel_arrival_behind_the_door_small, layout_basic
D:2:      layout_loops_cross, hellmonk_ecumenical_altar_pennies_from_heaven,
          minmay_hexomino_p4, uniq_terence
D:3:      layout_rooms, mainiacjoe_overflow_chevrons, serial_shops,
          nicolae_shop_tiny_statue_garden, uniq_ijyb
D:4:      layout_basic, ebering_ghost_gozag, minmay_shop_mayhem
D:5:      layout_basic
D:6:      layout_basic, temple_pool_b, serial_shops, shop, shop, shop,
          nicolae_shop_overgrown_old_shop
D:7:      layout_cave_pools, minitemple, gammafunk_ghost_nasty_kobolds,
          enter_bailey_3, amcnicky_altar_lugonu_corruption, uniq_menkaure
D:8:      corexii_shack_village, layout_rooms, kennysheep_small_spiral
D:9:      layout_stronghold, minmay_lair_entry_grove
D:10:     layout_gridville, nicolae_hepliaklqana_hippocampus, erik_orc_2
D:11:     layout_roguey, kennysheep_crisscross

Skill      XL: |  1  2  3  4  5  6  7  8  9 10 11 12 |
---------------+-------------------------------------+-----
Short Blades   | 1 |  1.4
Spellcasting   | 3 4 5 6 7 9 10 11 | 11.0
Conjurations   | 3 4 5 6 7 9 10 11 | 11.0
Hexes          | 3 4 5 6 7 9 10 11 | 11.0
Summonings     | 3 4 5 6 7 9 10 11 | 11.0
Necromancy     | 3 4 5 6 7 9 10 11 | 11.0
Translocations | 3 4 5 6 7 9 10 11 | 11.0
Fire Magic     | 3 4 5 6 7 9 10 11 | 11.0
Ice Magic      | 3 4 5 6 7 9 10 11 | 11.0
Air Magic      | 3 4 5 6 7 9 10 11 | 11.0
Earth Magic    | 3 4 5 6 7 9 10 11 | 11.0
Alchemy        | 3 4 5 6 7 9 10 11 | 11.0
Fighting       | 1 2 3 4 5 7 9 12 13 | 13.8
Dodging        | |  2.6
Stealth        | |  2.7

Action                     |  1- 3 |  4- 6 |  7- 9 | 10-12 || total
---------------------------+-------+-------+-------+-------++-------
  Melee: Dagger            |    50 |    19 |   178 |    15 ||   262
         Punch             |       |       |     2 |       ||     2
         Bardiche          |       |       |       |   161 ||   161
   Cast: Ensorcelled Hiber |     1 |     3 |     1 |     1 ||     6
         Sting             |    22 |   104 |    17 |     5 ||   148
         Confusing Touch   |       |     1 |    21 |     2 ||    24
         Summon Ice Beast  |       |       |    49 |    54 ||   103
         Animate Armour    |       |       |     1 |     5 ||     6
         Tukima's Dance    |       |       |       |     1 ||     1
         Jinxbite          |       |       |       |     1 ||     1
    Use: Scroll            |       |       |    11 |       ||    11
         Potion            |       |       |     6 |     1 ||     7
   Stab: Sleeping          |     5 |       |     4 |     4 ||    13
         Confused          |       |       |     8 |     1 ||     9
 Armour: Robe              |    25 |    27 |    98 |       ||   150
         Leather armour    |       |       |    79 |   195 ||   274
  Dodge: Dodged            |    25 |    36 |   144 |   134 ||   339

Table legend: (Time is in decaauts)
 A = Elapsed time spent in this place.
 B = Non-inter-level travel time spent in this place.
 C = Inter-level travel time spent in this place.
 D = Time resting spent in this place.
 E = Time spent auto-exploring this place.
 F = Levels seen in this place.
 G = Mean time per level.
                   A        B        C        D        E       F      G
               +--------+--------+--------+--------+--------+-----+--------+
         Total |  13600 |  13317 |    283 |   2272 |   8607 |  12 | 1133.3 |
       Dungeon |  12148 |  11865 |    283 |   1582 |   8076 |  11 | 1104.4 |
        Bailey |   1451 |   1451 |      0 |    690 |    531 |   1 | 1451.0 |
               +--------+--------+--------+--------+--------+-----+--------+

Top non-repeatable levels by time:
     D:5: 1925 daAuts
     D:9: 1654 daAuts
  Bailey: 1451 daAuts
    D:10: 1316 daAuts
     D:7: 1179 daAuts
     D:6: 1146 daAuts
     D:2: 1090 daAuts
     D:4: 913 daAuts
     D:1: 848 daAuts
     D:8: 805 daAuts
    D:11: 642 daAuts
     D:3: 626 daAuts
